 Dungeon Sprint DCSS version 0.31-a0-18-gea43df2a32 (webtiles) character file.

Game seed: 18117841275889377435

1785 sircluck the Severer (level 9, -3/90 HPs)
             Began as a Hill Orc Fighter on May 9, 2023.
             Shot with a bolt by a yaktaur (13 damage)
             ... in the Dungeon (Sprint II: "The Violet Keep of Menkaure").
             The game lasted 00:04:18 (596 turns).

sircluck the Severer (Hill Orc Fighter)              Turns: 596, Time: 00:04:20

Health: -3/90      AC:  8    Str: 26    XL:     9   Next: 8%
Magic:  9/9        EV: 10    Int: 14    God:
Gold:   65         SH:  5    Dex: 10    Spells: 8/8 levels left

rFire   . . .        a - +0 war axe
rCold   . . .        c - +0 buckler
rNeg    + . .        b - +0 scale mail
rPois   .            (no helmet)
rElec   +            (no cloak)
rCorr   .            (no gloves)
SInv    .            (no boots)
Will    .....        f - amulet of regeneration Stlth
                     k - ring "Tahugrosk" {*Slow rElec rN+ Str+3 Int+6}
HPRegen 1.15/turn    (no ring)
MPRegen 0.11/turn

%: no teleportation, slow self (1%)
@: slowed, very slow
A: no striking features
a: no special abilities


You were in the Dungeon.
You visited 1 branch You collected 1727 gold pieces.
You spent 1662 gold pieces at shops.

Inventory:

Hand Weapons
 a - a +0 war axe (weapon)
Armour
 b - a +0 scale mail (worn)
 c - a +0 buckler (worn)
Jewellery
 f - an amulet of regeneration (around neck)
 k - the ring "Tahugrosk" (left hand) {*Slow rElec rN+ Str+3 Int+6}
   (You bought it in a shop in the Dungeon)

   [ring of intelligence]

   Str:       It affects your strength (+3).
   Int:       It affects your intelligence (+6).
   rElec:     It insulates you from electricity.
   rN:        It protects you from negative energy.
   *Slow:     It may slow you when you take damage.
Wands
 i - a wand of mindburst (16)
Potions
 d - a potion of might
 g - a potion of haste
 h - 2 potions of magic


   Skills:
 + Level 12.0 Fighting
 + Level 16.7 Axes
 + Level 10.3 Armour
 + Level 1.9 Dodging
 + Level 0.4 Stealth
 + Level 8.3 Shields


You had 8 spell levels left.
You didn't know any spells.
Your spell library was empty.

Dungeon Overview and Level Annotations

Branches:
Dungeon (1/1)

Altars:
Cheibriados
Dithmenos
Elyvilon
Fedhas
Gozag
Hepliaklqana
Kikubaaqudgha
Makhleb
Nemelex Xobeh
Okawaru
Qazlal
Ru
Sif Muna
Trog
Uskayaw
Vehumet
Wu Jian
Xom
Yredelemnul
Zin
The Shining One
Beogh
Jiyva
Lugonu

Shops:
D =*:[[!?*(?!:(=(

Annotations:
D exclusion: oklob plant, Roxanne


Message History

The polar bear rages.
There is a glowing golden altar of the Shining One here.
The water moccasin hisses angrily.
The flying skull gives a hideous shriek!
You hear a hideous shriek!
The yaktaur shoots a bolt.
The bolt misses you. The polar bear completely misses you.
The polar bear claws you but does no damage.
The polar bear claws you.
There is an ornate altar of the Wu Jian Council here.
The water moccasin hisses angrily.
You slice the polar bear!!
You kill the polar bear!
The yaktaur shoots a bolt.
The bolt barely misses you.
Your Axes skill increases to level 16!
Unknown command.
Press < or > to pray at altars.
You slash the hornet!
The hornet is heavily wounded.
The hornet stings you.
* * * LOW HITPOINT WARNING * * *
You feel yourself slow down.
You slash the hornet!
You kill the hornet!
The yaktaur shoots a bolt.
The bolt hits you!
* * * LOW HITPOINT WARNING * * *
Your Fighting skill increases to level 12!
You have reached level 9!
Your experience leads to an increase in your attributes!
Your base attributes are Str 21, Int 8, Dex 10.
Increase (S)trength, (I)ntelligence, or (D)exterity?
You feel stronger. x2
Save game and exit?
Okay, then.
Aiming: Mindburst
Press: ? - help, Q - select action Shift-Dir - straight line, f - yaktaur
Aim: a yaktaur, wielding a +0 arbalest (chance to affect: 47%)
The yaktaur resists with some effort.
The yaktaur shoots a bolt.
The bolt hits you!
You die...

###~~.....~#'#######*+***,~~~*,,,
#~§~~~~~..~#_†_.....#§~~**~~~*,,,
#~~~~~~~~§~#._._....#§~≈~********
~~~≈≈≈~~~~~#_._._...#~~§~~**,,*,,
~~~~≈≈§≈~~~#._._._..#§~~~~~*,,*,,
+#~≈§≈≈≈≈≈~#_c_._._.#~~~~~~+,,+,,
,##§≈§###≈≈#._._._._#~~§~~~*,,*,,
..##≈≈#,#≈≈#.._†_._.#S~§~~~*,,*,,
§.~+≈§#+#§≈#._._@_..#S§≈~********
~§##≈≈≈≈≈§≈##########§§§~*,,,~~~~
.##**#######~~~~~~~~~≈§≈~*,,,~~~~
##~~,≈≈≈z###~########≈▓▓*******~~
*~,,~≈§≈zz##~#,,,,,,**▓~~~~~~~**~
~,~~~§§≈zzz+~#,,,,,,**~~~~~~~~~**
*,,,§≈≈≈≈z####,,,,,,+~~~~~,~~~~~+
**~,§≈≈○≈#****,,,,,,**~~~~~~~~~**
^*********,,,,,,,,,,***~~~~~~~**


You could see a yaktaur, 2 water moccasins and 4 flying skulls.

Vanquished Creatures
  A merfolk siren (D)
  3 polar bears (D)
  A hornet (D)
  Menkaure (D)
  5 scorpions (D)
  4 necrophages (D)
  2 worms (D)
17 creatures vanquished.

Vanquished Creatures (others)
  A water moccasin (D)
1 creature vanquished.

Grand Total: 18 creatures vanquished

Notes
Turn   | Place    | Note
-------+----------+-------------------------------------------
     0 | D        | sircluck the Hill Orc Fighter began the quest for the Orb.
     0 | D        | Reached XP level 1. HP: 19/19 MP: 1/1
     1 | D        | Noticed a scorpion
     1 | D        | Noticed a scorpion
     9 | D        | Reached skill level 3 in Axes
    12 | D        | Reached XP level 2. HP: 26/28 MP: 2/2
    27 | D        | Noticed a necrophage
    27 | D        | Noticed a necrophage
    27 | D        | Noticed a necrophage
    27 | D        | Noticed a necrophage
    36 | D        | Killed a necrophage
    37 | D        | Reached skill level 5 in Axes
    37 | D        | Reached skill level 5 in Armour
    37 | D        | Reached skill level 5 in Shields
    37 | D        | Reached XP level 3. HP: 32/37 MP: 3/3
    37 | D        | Reached XP level 4. HP: 38/44 MP: 4/4
    45 | D        | Killed a necrophage
    46 | D        | Reached skill level 6 in Axes
    46 | D        | Reached XP level 5. HP: 36/52 MP: 5/5
    56 | D        | Reached skill level 7 in Axes
    59 | D        | Reached skill level 8 in Axes
    59 | D        | Reached XP level 6. HP: 28/61 MP: 6/6
   176 | D        | Reached skill level 9 in Axes
   181 | D        | Reached skill level 10 in Axes
   187 | D        | Reached skill level 11 in Axes
   190 | D        | Reached XP level 7. HP: 47/70 MP: 7/7
   288 | D        | Identified Roxanne's Precepts of Tephra
   288 | D        | Noticed Roxanne
   295 | D        | Noticed a merfolk siren
   301 | D        | Killed a merfolk siren
   302 | D        | Reached skill level 10 in Fighting
   302 | D        | Reached skill level 13 in Axes
   364 | D        | Found Woel's Antique Weapon Shop.
   364 | D        | Found Naem's Jewellery Boutique.
   364 | D        | Found Ijukkysm's Distillery.
   364 | D        | Found Werazoen's Book Shop.
   364 | D        | Found Omawub's Magic Scroll Boutique.
   364 | D        | Found Geatun's Antique Weapon Shop.
   365 | D        | Found Bufug's Assorted Antiques.
   366 | D        | Found Mugixt's Magic Scroll Shop.
   366 | D        | Found Lerup's Distillery.
   367 | D        | Found Cirumi's Antique Weapon Boutique.
   367 | D        | Noticed Menkaure
   381 | D        | Killed Menkaure
   382 | D        | Reached skill level 14 in Axes
   382 | D        | Reached XP level 8. HP: 81/81 MP: 8/8
   428 | D        | Found Vedwas's Antique Armour Shop.
   428 | D        | Found Lefec's Antique Armour Boutique.
   428 | D        | Noticed a fire dragon
   428 | D        | Noticed an oklob plant
   429 | D        | Found Asowneri's General Store.
   429 | D        | Found Bayrok's Jewellery Boutique.
   429 | D        | Found Vecev's Book Shoppe.
   430 | D        | Noticed a great orb of eyes
   455 | D        | Bought a scroll of acquirement for 624 gold pieces
   455 | D        | Acquired 998 gold pieces
   473 | D        | Bought an amulet of regeneration for 360 gold pieces
   475 | D        | Bought a scroll of magic mapping for 75 gold pieces
   491 | D        | Bought the ring "Tahugrosk" {*Slow rElec rN+ Str+3 Int+6}
                  | for 603 gold pieces
   554 | D        | Found an iron altar of Okawaru.
   554 | D        | Found a radiant altar of Vehumet.
   554 | D        | Found a glowing silver altar of Zin.
   555 | D        | Found a sparkling altar of Nemelex Xobeh.
   555 | D        | Found a hide-covered altar of Uskayaw.
   555 | D        | Found a basalt altar of Yredelemnul.
   556 | D        | Found an opulent altar of Gozag.
   556 | D        | Found a burning altar of Makhleb.
   556 | D        | Found a bloodstained altar of Trog.
   557 | D        | Found a blossoming altar of Fedhas.
   557 | D        | Found a corrupted altar of Lugonu.
   557 | D        | Found a shimmering blue altar of Sif Muna.
   558 | D        | Found a white marble altar of Elyvilon.
   558 | D        | Found an ancient bone altar of Kikubaaqudgha.
   559 | D        | Found a shadowy altar of Dithmenos.
   559 | D        | Found a viscous altar of Jiyva.
   560 | D        | Found a snail-covered altar of Cheibriados.
   561 | D        | Found a roughly hewn altar of Beogh.
   561 | D        | Noticed a polar bear
   561 | D        | Noticed a polar bear
   562 | D        | Noticed a hornet
   564 | D        | Found a shimmering altar of Xom.
   564 | D        | Found a sacrificial altar of Ru.
   564 | D        | Found a hazy altar of Hepliaklqana.
   564 | D        | Noticed a polar bear
   564 | D        | Noticed a yaktaur
   565 | D        | Found a glowing golden altar of the Shining One.
   565 | D        | Found an ornate altar of the Wu Jian Council.
   565 | D        | Found a stormy altar of Qazlal.
   572 | D        | Killed a polar bear
   573 | D        | Reached skill level 15 in Axes
   579 | D        | Killed a polar bear
   580 | D        | Reached skill level 10 in Armour
   580 | D        | Reached skill level 1 in Dodging
   587 | D        | Noticed a flying skull
   587 | D        | Noticed a flying skull
   587 | D        | Noticed a flying skull
   587 | D        | Noticed a flying skull
   587 | D        | Noticed a flying skull
   588 | D        | Noticed a flying skull
   589 | D        | Noticed a flying skull
   592 | D        | Killed a polar bear
   592 | D        | Noticed a flying skull
   593 | D        | Reached skill level 16 in Axes
   595 | D        | Killed a hornet
   596 | D        | Reached XP level 9. HP: 9/90 MP: 9/9
   596 | D        | Shot with a bolt by a yaktaur

Illustrated notes

Levels and vault maps discovered:
D:        the_violet_keep_of_menkaure [sprint2_stairs_cluster_1,
          sprint2_shoproom, sprint2_temple, sprint2_basic_supplies,
          sprint2_obstacle_6, sprint2_obstacle_1, sprint2_obstacle_5,
          sprint2_obstacle_2, sprint2_obstacle_4, sprint2_timed_cluster_1,
          sprint2_smallroom_cluster_1, sprint2_smallroom_final_cluster_1,
          sprint2_transparent_cluster_1, sprint2_second_timed_cluster_1,
          sprint2_sniper_area_1, sprint2_heavy_combat_area_1,
          sprint2_mutation_trap_area_1, sprint2_forest_area_1,
          sprint2_light_combat_area_1, sprint2_behind_water_1,
          sprint2_near_end_vault_1]

Skill      XL: |  1  2  3  4  5  6  7  8 |
---------------+-------------------------+-----
Fighting       | 4 6 7 8 9 10 12 | 12.0
Axes           | 3 5 6 8 11 14 16 | 16.7
Armour         | 4 5 6 7 8 9 10 | 10.3
Shields        | 5 6 7 8 |  8.3
Dodging        | 1 |  1.9
Stealth        | |  0.4

Action                     |  1- 3 |  4- 6 |  7- 9 || total
---------------------------+-------+-------+-------++-------
  Melee: War axe           |    12 |    39 |    41 ||    92
  Evoke: Wand              |       |       |     1 ||     1
    Use: Potion            |       |       |     3 ||     3
         Scroll            |       |       |     3 ||     3
 Armour: Scale mail        |     1 |    11 |    17 ||    29
  Dodge: Dodged            |     6 |    12 |    17 ||    35
  Block: Buckler           |     3 |     7 |    14 ||    24

Table legend: (Time is in decaauts)
 A = Elapsed time spent in this place.
 B = Non-inter-level travel time spent in this place.
 C = Inter-level travel time spent in this place.
 D = Time resting spent in this place.
 E = Time spent auto-exploring this place.
 F = Levels seen in this place.
 G = Mean time per level.
                   A        B        C        D        E       F      G
               +--------+--------+--------+--------+--------+-----+--------+
         Total |    631 |    626 |      5 |     58 |    272 |   1 |  631.0 |
       Dungeon |    631 |    626 |      5 |     58 |    272 |   1 |  631.0 |
               +--------+--------+--------+--------+--------+-----+--------+

Top non-repeatable levels by time:
       D: 631 daAuts
